AoeStats
← Octavianus

Arabia

510917703Analyzed
1v1 RM · 4h ago on Oct 3, 2026· 21m 20s· 2 players
Game mode
Random Map
Map size
Tiny (2 player)
Population
200
Speed
Normal
Resources
Standard
Victory
Conquest
Starting age
Dark Age
Ending age
Imperial Age
RankedLock teamsTeams togetherTeam positionsShared explorationLock speedFull tech treeHidden civsTurbo modeCheats
Victory
Defeat
🇺🇸 Khmer · United States
388
+27
🇲🇽 Cumans · Mexico
452
-19
Octavianus
6:07 Loom
8:41 Feudal Age
20:09 Castle Age
19:01 Double-Bit Axe
rodrigomoreno365
2:26 Loom
11:20 Feudal Age
11:46 Double-Bit Axe
15:23 Town Watch
16:15 Wheelbarrow
Connection lost

Rejoining the realm…

Still unreachable

The connection could not be restored.

Session expired

The server has moved on; the page needs a fresh start.